 Dungeon Crawl Stone Soup version 0.28.0-1-gb440e238dd (webtiles) character file.

Game seed: 11421245701204957859

28 Morbidden the Sneak (level 3, 27/27 HPs)
             Began as a Demonspawn Brigand on Feb 20, 2022.
             Quit the game on level 1 of the Dungeon.
             The game lasted 00:01:26 (1890 turns).

Morbidden the Sneak (Demonspawn Brigand)            Turns: 1890, Time: 00:01:26

Health: 27/27      AC:  3    Str: 11    XL:     3   Next: 0%
Magic:  3/3        EV: 11    Int: 14    God:
Gold:   45         SH:  3    Dex: 14    Spells: 2/2 levels left

rFire   . . .      SeeInvis .   a - +2 dagger
rCold   . . .      Faith    .   g - +0 buckler
rNeg    . . .      Spirit   .   b - +0 robe
rPois   .          Reflect  .   (no helmet)
rElec   .          Harm     .   c - +0 cloak
rCorr   .          Rampage  .   (no gloves)
Will    .....                   (no boots)
Stlth   ++........              (no amulet)
HPRegen 0.09/turn               (no ring)
MPRegen 0.08/turn               (no ring)

@: very slow
A: powered by pain 1
a: no special abilities


You were on level 1 of the Dungeon.
You visited 1 branch of the dungeon, and saw 1 of its levels.

You collected 45 gold pieces.

Inventory:

Hand Weapons
 a - a +2 dagger (weapon)
Missiles
 d - 6 poisoned darts (quivered)
 e - 2 curare-tipped darts
 i - 5 atropa-tipped darts
Armour
 b - a +0 robe (worn)
 c - a +0 cloak (worn)
 g - a +0 buckler (worn)
Scrolls
 h - a scroll of teleportation {unknown}
 k - a scroll of fear {unknown}
 m - 2 scrolls of immolation {unknown}
Potions
 f - a potion of flight {unknown}
 j - a potion of brilliance {unknown}
 l - a potion of mutation {unknown}
 n - a potion of curing {unknown}


   Skills:
 + Level 2.0 Fighting
 + Level 2.2 Short Blades
 + Level 1.9 Throwing
 + Level 1.1 Dodging
 + Level 4.2 Stealth


You had 2 spell levels left.
You didn't know any spells.
Your spell library contained the following spells:

 Spells                   Type           Power      Damage    Failure   Level
 Beastly Appendage        Tmut           0%         N/A       36%         1
 Wereblood                Tmut           0%         N/A       52%         2
 Spider Form              Tmut/Pois      0%         N/A       75%         3


Dungeon Overview and Level Annotations

Branches:
Dungeon (1/15)

Altars:


Innate Abilities, Weirdness & Mutations

You sometimes gain a little power by taking damage.


Message History

A hobgoblin comes into view.
A hobgoblin is nearby!
Unknown command.
Unknown command.
Unknown command.
Unknown command.
A hobgoblin is nearby!
The hobgoblin shouts!
A hobgoblin is nearby!
You hit the hobgoblin.
You kill the hobgoblin!
You have reached level 3!
Your experience leads to an increase in your attributes!
Increase (S)trength, (I)ntelligence, or (D)exterity?
You feel clever. x2
You enter the shallow water.
Moving in this stuff is going to be slow.
Partly explored, can't reach some places.
No target in view!
Partly explored, can't reach some places.
No target in view!
Partly explored, can't reach some places.
No target in view!
Partly explored, can't reach some places.
No target in view!
No target in view!
Unknown command.
No target in view!
Partly explored, can't reach some places.
Partly explored, can't reach some places.
Partly explored, can't reach some places.
Partly explored, can't reach some places.
You don't know any spells.
Unknown command.
Are you sure you want to abandon this character and quit the game? (Confirm with "yes".)
Okay, then.
Unknown command.
Unknown command.
Unknown command.
Are you sure you want to abandon this character and quit the game? (Confirm with "yes".)

........................##.# #..#
.#.#..##..........###...##.###..#
.#.#..##.#..#....................
.................................
......#########...............#.#
......# #........)##.##.#.#
......# #..................
#..#..# #≈..###...##.##.#.#
#..#..# ###≈@.###...##.##.#.#
#..#..# #≈≈≈≈.............(.#
#.....# #≈#≈≈...#...##.##.#.#
......# ≈≈##≈..#.#...##.##.#.#
#..#..# ### #...#.#...##.##.#.#
#.....# #...#..............
#..#..#########...###.........#.#
........................#####.#.#
#..#.................##.# #.###


There were no monsters in sight!

Vanquished Creatures
  A dart slug (D:1)
  3 endoplasms (D:1)
  4 goblins (D:1)
  4 hobgoblins (D:1)
  2 kobolds (D:1)
  3 quokkas (D:1)
  2 ball pythons (D:1)
  2 frilled lizards (D:1)
  2 rats (D:1)
23 creatures vanquished.

Notes
Turn   | Place    | Note
-------+----------+-------------------------------------------
     0 | D:1      | Morbidden the Demonspawn Brigand began the quest for the
                  | Orb.
     0 | D:1      | Reached XP level 1. HP: 16/16 MP: 1/1
   441 | D:1      | Gained mutation: You sometimes gain a little power by
                  | taking damage. [demonic ancestry]
   441 | D:1      | Reached XP level 2. HP: 12/22 MP: 2/2
   691 | D:1      | Reached skill level 4 in Stealth
   807 | D:1      | Reached skill level 1 in Dodging
  1784 | D:1      | Reached XP level 3. HP: 27/27 MP: 3/3
  1890 | D:1      | Quit the game

Illustrated notes

Levels and vault maps discovered:
D:1:      psy_arrival_spokes, layout_basic, lemuel_another_geyser

Skill      XL: |  1  2 |
---------------+-------+-----
Short Blades   | 2 |  2.2
Stealth        | 4 |  4.2
Dodging        | 1 |  1.1
Fighting       | |  2.0
Throwing       | |  1.9

Action                   || total
-------------------------++-------
Melee: Dagger            ||    60
Throw: Dart              ||    11
 Stab: Sleeping          ||     6
Armor: Robe              ||    11
Dodge: Dodged            ||    24
Block: Buckler           ||     2
